 Dungeon Crawl Stone Soup version 0.24.0-123-gd5b16e6ec5 (webtiles) character file.

Game seed: 14465418755622304122, levelgen mode: deterministic

95 Holewolf1 the Firebug (level 4, -3/34 HPs)
             Began as a Hill Orc Fire Elementalist on Dec 22, 2019.
             Slain by a gnoll
             ... wielding a +0 spear
              (10 damage)
             ... on level 3 of the Dungeon.
             The game lasted 00:20:53 (2819 turns).

Holewolf1 the Firebug (Hill Orc Fire Elementalist)  Turns: 2819, Time: 00:20:53

Health: -3/34      AC:  3    Str: 10    XL:     4   Next: 65%
Magic:  5/7        EV: 12    Int: 16    God:
Gold:   212        SH:  0    Dex: 11    Spells: 3/7 levels left

rFire    . . .     SeeInvis .   b - +2 dagger (venom)
rCold    . . .     Gourm    .   (no shield)
rNeg     . . .     Faith    .   a - +0 robe
rPois    .         Spirit   .   (no helmet)
rElec    .         Reflect  .   (no cloak)
rCorr    .         Harm     .   h - +0 pair of gloves
MR       .....                  (no boots)
Stlth    ++........             (no amulet)
HPRegen  0.11/turn              (no ring)
MPRegen  0.10/turn              (no ring)

@: no status effects
A: no striking features
a: no special abilities


You were on level 3 of the Dungeon.
You were not hungry.

You visited 1 branch of the dungeon, and saw 3 of its levels.

You collected 212 gold pieces.

Inventory:

Hand Weapons
 b - a +2 dagger of venom (weapon)
 n - a +0 whip
 s - a +0 hunting sling
Missiles
 e - 119 stones (quivered)
 k - 5 curare-tipped darts
Armour
 a - a +0 robe (worn)
 d - a +0 ring mail
 f - a +0 chain mail
 h - a +0 pair of gloves (worn)
 i - a +0 leather armour
 p - a +0 plate armour
Scrolls
 g - 5 scrolls of identify
 j - 3 scrolls of teleportation
 l - 2 scrolls of magic mapping {unknown}
 o - a scroll of immolation {unknown}
 q - a scroll of amnesia {unknown}
 r - a scroll of enchant weapon {unknown}
 t - 2 scrolls of enchant armour {unknown}
Potions
 m - a potion of curing {unknown}
Comestibles
 c - 12 rations
 u - 11 chunks of flesh


   Skills:
 + Level 0.4 Fighting
 + Level 0.8 Short Blades
 + Level 0.1 Throwing
 + Level 2.3 Dodging
 + Level 1.6 Stealth
 + Level 2.2 Spellcasting
 + Level 1.7 Conjurations
 + Level 4.0 Fire Magic


You had 3 spell levels left.
You knew the following spells:

 Your Spells              Type           Power        Failure   Level  Hunger
a - Flame Tongue          Conj/Fire      ##...        6%          1    #......
b - Conjure Flame         Conj/Fire      ##......     19%         3    ###....

Your spell library contained the following spells:

 Spells                   Type           Power        Failure   Level  Hunger
 Throw Flame              Conj/Fire      ##....       10%         2    ###....
 Inner Flame              Hex/Fire       #.......     26%         3    ###....
 Sticky Flame             Conj/Fire      ##......     52%         4    #####..
 Fireball                 Conj/Fire      ##........   86%         5    ######.


Dungeon Overview and Level Annotations

Branches:
Dungeon (3/15)

Altars:
Gozag


Message History

Confirm with . or Enter, or press ? or * to list all spells.
Aiming: Conjure Flame (safe; 19% risk of failure)
Press: ? - help, Dir - move target cursor, f - gnoll
Aim: a gnoll, wielding a +0 halberd (heavily wounded, poisoned)
You can't place the cloud on a creature.
Casting: Conjure Flame (safe; 19% risk of failure)
Confirm with . or Enter, or press ? or * to list all spells.
Aiming: Flame Tongue (safe; 6% risk of failure)
Press: ? - help, Shift-Dir - straight line, f/p - gnoll
Aim: a gnoll, wielding a +0 halberd (heavily wounded, poisoned)
The flame tongue hits the gnoll!
You kill the gnoll!
The gnoll closely misses you.
The gnoll hits you from afar with a +0 spear.
* * * LOW HITPOINT WARNING * * *
Unknown command.
A goblin comes into view. It is wielding a +0 dagger.
There is a stone staircase leading up here.
The gnoll hits you from afar with a +0 spear!
You die...

...........# ##..## ..#........#
##..# #.#........# ##.#
#.#........# #####.####
.....###..## ##...#....##
...######.# ##..........##
.......##.########............#
##............................#
##............g.@.............#
###...#.......g..............###
...................g...........#
#####..........................#
# ##.........................# #
##.......................># #
##...[...................# #
##......................# #
########################


You could see 2 gnolls and a goblin (wandering).

Vanquished Creatures
  A gnoll (D:3)
  2 adders (D:3)
  2 worms
  4 dart slugs
  A ball python (D:1)
  4 bats
  4 giant cockroaches
  6 goblins
  6 hobgoblins
  9 jackals
  2 frilled lizards (D:2)
  4 kobolds
  6 rats
51 creatures vanquished.

Notes
Turn   | Place    | Note
-------+----------+-------------------------------------------
     0 | D:1      | Holewolf1 the Hill Orc Fire Elementalist began the quest
                  | for the Orb.
     0 | D:1      | Reached XP level 1. HP: 14/14 MP: 3/3
   311 | D:1      | Reached XP level 2. HP: 20/20 MP: 0/4
   640 | D:1      | Reached XP level 3. HP: 26/26 MP: 2/5
   835 | D:1      | Learned a level 3 spell: Conjure Flame
  2005 | D:3      | Found an opulent altar of Gozag.
  2232 | D:3      | Reached XP level 4. HP: 30/34 MP: 3/7
  2382 | D:3      | Reached skill level 4 in Fire Magic
  2819 | D:3      | Slain by a gnoll

Levels and vault maps discovered:
D:1:      dpeg_arrival_water_fire, layout_rooms
D:2:      layout_loops_ring, first_ration
D:3:      layout_rooms, nicolae_gozag_cash_rules_everything_around_me

Skill      XL: |  1  2  3  4 |
---------------+-------------+-----
Dodging        | 2 |  2.3
Spellcasting   | 2 |  2.2
Fire Magic     | 4 |  4.0
Fighting       | |  0.4
Short Blades   | |  0.8
Throwing       | |  0.1
Stealth        | |  1.6
Conjurations   | |  1.7

Action                   |  1- 3 |  4- 6 || total
-------------------------+-------+-------++-------
Melee: Dagger            |    51 |    15 ||    66
 Fire: Hunting sling     |       |     1 ||     1
Throw: Stone             |     7 |       ||     7
 Cast: Flame Tongue      |    37 |    23 ||    60
       Conjure Flame     |     1 |     1 ||     2
  Use: Scroll            |     3 |       ||     3
       Potion            |     1 |       ||     1
 Stab: Sleeping          |     1 |       ||     1
  Eat: Chunk             |     5 |     2 ||     7
Armor: Robe              |    18 |    13 ||    31
Dodge: Dodged            |    48 |    41 ||    89
